 Dungeon Crawl Stone Soup version 0.29.0 (webtiles) character file.

Game seed: 3836072246790133776

2833 slphil the Cleaver (level 9, -5/85 HPs)
             Began as a Hill Orc Fighter on Aug 25, 2022.
             Was an Initiate of Beogh.
             Slain by an orc warrior
             ... wielding a +0 halberd
              (19 damage)
             ... in a bailey.
             The game lasted 00:08:33 (5012 turns).

slphil the Cleaver (Hill Orc Fighter)               Turns: 5012, Time: 00:08:33

Health: -5/85      AC: 23    Str: 23    XL:     9   Next: 73%
Magic:  10/10      EV:  7    Int:  8    God:    Beogh [......]
Gold:   230        SH:  5    Dex: 16    Spells: 8/8 levels left

rFire   . . .      SeeInvis .   p - +0 war axe (elec)
rCold   . . .      Faith    .   c - +0 buckler
rNeg    . . .      Spirit   .   w - +8 chain mail of the Chupacabra {Harm rPois rCorr}
rPois   +          Reflect  .   m - +0 helmet
rElec   .          Harm     +   E - +0 cloak
rCorr   +          Rampage  .   h - +0 pair of gloves
Will    .....                   y - +2 pair of boots
Stlth   ..........              (no amulet)
HPRegen 0.24/turn               e - ring of flight
MPRegen 0.12/turn               k - +6 ring of dexterity

@: mighty, flying
A: no striking features
a: Renounce Religion


You were in a bailey.
You worshipped Beogh.
Beogh was noncommittal.
You visited 1 branch of the dungeon, and saw 7 of its levels.
You also visited: Bailey.

You collected 252 gold pieces.
You spent 22 gold pieces at shops.

Inventory:

Hand Weapons
 a - a +0 war axe
 p - a +0 war axe of electrocution (weapon)
 u - the +2 whip "Widowmaker" {venom, rF+ Int+2}
   (You found it on level 5 of the Dungeon)

   It poisons the flesh of those it strikes.
   Int:       It affects your intelligence (+2).
   rF:        It protects you from fire.
 D - a +3 quarterstaff of chaos
Missiles
 J - a throwing net (quivered)
Armour
 b - a +0 scale mail
 c - a +0 buckler (worn)
 h - a +0 pair of gloves (worn)
 m - a +0 helmet (worn)
 t - an orb of light
 w - the +8 chain mail of the Chupacabra (worn) {Harm rPois rCorr}
   (You found it on level 5 of the Dungeon)

   rPois:     It protects you from poison.
   rCorr:     It protects you from acid and corrosion.
   Harm:      It increases damage dealt and taken.
 y - a +2 pair of boots (worn)
 E - a +0 cloak (worn)
Jewellery
 e - a ring of flight (left hand)
 k - a +6 ring of dexterity (right hand)
 o - a +6 ring of dexterity
Wands
 r - a wand of flame (5)
 x - a wand of roots (15)
 B - a wand of digging (5)
Scrolls
 g - 2 scrolls of silence
 i - a scroll of identify
 A - 2 scrolls of vulnerability
 H - 2 scrolls of poison
 K - a scroll of immolation {unknown}
Potions
 f - 2 potions of brilliance
 n - 4 potions of curing
 s - a potion of berserk rage {unknown}
 z - a potion of magic {unknown}
 C - 2 potions of lignification
 F - 2 potions of degeneration {unknown}
 G - a potion of cancellation {unknown}


   Skills:
 + Level 9.7 Fighting
 * Level 13.9 Axes
 - Level 3.2 Armour
 - Level 3.2 Shields
 + Level 1.7 Invocations


You had 8 spell levels left.
You didn't know any spells.
Your spell library contained the following spells:

 Spells                   Type           Power      Damage    Failure   Level
 Scorch                   Fire           0%         2d5       100%        2
 Flame Wave               Conj/Fire      0%         2d4       100%        4
 Summon Cactus Giant      Summ           0%         N/A       100%        6


Dungeon Overview and Level Annotations

Branches:
Dungeon (7/15)             Temple (0/1) D:4          Bailey (1/1)

Altars:
Ashenzari
Fedhas
Uskayaw
Vehumet
Yredelemnul
The Shining One

Shops:
D:4 =*([*


Message History

You block the orc warrior's attack.
The orc warrior shouts!
You hit the orc warrior but do no damage.
You hear a shout!
The orc hits you but does no damage.
The orc warrior hits you but does no damage.
You slash the orc warrior!
The orc warrior is heavily wounded.
The orc hits you but does no damage. You block the orc warrior's attack.
The orc warrior hits you from afar with a +0 glaive!
You barely miss the orc warrior.
The orc warrior is heavily wounded.
The orc misses you. You block the orc warrior's attack.
An orc warrior comes into view. It is wielding a +0 spear.
The orc warrior hits you from afar with a +0 glaive!
Unknown command.
You barely miss the orc warrior.
The orc warrior is heavily wounded.
The orc warrior shouts!
You hear a shout!
You barely miss the orc warrior.
The orc warrior is heavily wounded.
The orc barely misses you. You block the orc warrior's attack.
The orc warrior hits you from afar with a +0 glaive!
The orc warrior barely misses you.
You feel very mighty all of a sudden. You block the orc's attack.
The orc warrior barely misses you.
The orc warrior hits you from afar with a +0 trident.
The orc warrior hits you from afar with a +0 glaive.
You hit the orc warrior.
The orc warrior is heavily wounded.
The orc hits you but does no damage. The orc warrior completely misses you.
The orc warrior closely misses you.
The orc warrior hits you from afar with a +0 glaive!
* * * LOW HITPOINT WARNING * * *
You closely miss the orc warrior.
The orc warrior is heavily wounded.
You block the orc's attack.
The orc warrior hits you with a +0 halberd!
You die...
Beogh appreciates the orc warrior's killing of a heretic priest.

.# ##.. ..# ♣♣♣...♣♣..≈
...## o ♣♣......♣..≈
....# .#
♣.........######...#.8#
♣..∩...............#..#
♣...............o..o..#
♣.............@.oo.'..#
♣..∩..........o.o..#..
♣.........######.).#
♣♣.........≈≈≈≈....#
♣♣♣....♣..≈≈≈≈.♣.##
###.....≈≈≈≈...#
##.♣..≈≈≈≈♣..#
#...≈≈≈≈≈♣..#
#♣.≈≈≈≈≈♣♣....


You could see 4 orc warriors and 2 orcs.

Vanquished Creatures
  Pikel (D:6)
  A steam dragon (D:6)
  A water moccasin (D:7)
  A black bear (D:5)
  An ice beast (D:5)
  2 orc warriors
  2 ogres (D:5)
  4 lemures (D:6)
  Blork the orc (D:5)
  A gnoll sergeant (D:6)
  A bullfrog (D:6)
  7 necrophages
  A wyvern zombie (D:6)
  2 scorpions
  2 centaur zombies (D:6)
  4 bullfrog zombies
  3 jellies
  Crazy Yiuf (D:5)
  3 hounds
  2 iguanas
  2 orc wizards
  A killer bee zombie (D:5)
  2 hound zombies (D:5)
  3 gnolls (D:6)
  6 adders
  A shadow imp (D:7)
  A white imp (D:6)
  2 worms
  9 dart slugs
  15 orcs
  8 ball pythons
  3 endoplasms (D:1)
  3 giant cockroaches
  8 goblins
  6 hobgoblins
  13 jackals
  5 quokkas
  5 bats
  2 frilled lizards (D:1)
  4 kobolds
  A rat (D:2)
  2 bushes (D:6)
143 creatures vanquished.

Vanquished Creatures (others)
  A centaur (D:7)
  2 bushes (D:6)
  11 plants (D:6)
14 creatures vanquished.

Grand Total: 157 creatures vanquished

Notes
Turn   | Place    | Note
-------+----------+-------------------------------------------
     0 | D:1      | slphil the Hill Orc Fighter began the quest for the Orb.
     0 | D:1      | Reached XP level 1. HP: 19/19 MP: 1/1
    23 | D:1      | Reached skill level 3 in Axes
    28 | D:1      | Reached XP level 2. HP: 20/27 MP: 2/2
   373 | D:1      | Reached skill level 4 in Axes
   376 | D:1      | Reached XP level 3. HP: 32/33 MP: 3/3
  1561 | D:2      | Reached XP level 4. HP: 41/41 MP: 4/4
  1609 | D:3      | You fall into a shaft and drop 1 floor!
  1612 | D:4      | Found Esae's Antique Weapon Shoppe.
  1634 | D:4      | Found Juigor's Antique Armour Emporium.
  1652 | D:4      | Reached skill level 5 in Axes
  1859 | D:4      | Reached XP level 5. HP: 33/47 MP: 5/5
  1967 | D:4      | Reached skill level 5 in Fighting
  1967 | D:4      | Reached skill level 6 in Axes
  2012 | D:4      | Found a broken altar of Ashenzari.
  2103 | D:4      | Found Reraidd's Assorted Antiques.
  2115 | D:4      | Reached skill level 7 in Axes
  2115 | D:4      | Reached XP level 6. HP: 51/56 MP: 6/6
  2251 | D:4      | Found a staircase to the Ecumenical Temple.
  2505 | D:4      | Noticed a +0 short sword
  2506 | D:4      | Noticed a +0 spear
  2507 | D:4      | Noticed a +0 spear
  2508 | D:4      | Noticed a +0 short sword
  2508 | D:4      | Noticed a +0 falchion
  2508 | D:4      | Noticed a +0 falchion
  2508 | D:4      | Noticed a +0 dagger
  2508 | D:4      | Noticed a +0 dagger
  2510 | D:4      | Found a hide-covered altar of Uskayaw.
  2569 | D:4      | Found Jivotar's Jewellery Shoppe.
  2595 | D:4      | Found a glowing golden altar of the Shining One.
  2598 | D:4      | Found Kuagudea's General Store.
  2606 | D:4      | Bought a scroll of identify for 22 gold pieces
  2615 | D:4      | Found a radiant altar of Vehumet.
  2745 | D:5      | Entered Level 5 of the Dungeon
  2802 | D:5      | Noticed Blork the orc
  2805 | D:5      | Noticed a black bear
  2812 | D:5      | Reached skill level 8 in Axes
  2812 | D:5      | Reached XP level 7. HP: 58/63 MP: 7/7
  2820 | D:5      | Killed Blork the orc
  2994 | D:5      | Identified the +2 whip "Widowmaker" {venom, rF+ Int+2}
  3156 | D:4      | Reached skill level 9 in Axes
  3342 | D:5      | Reached skill level 10 in Axes
  3342 | D:5      | Reached XP level 8. HP: 53/73 MP: 8/8
  3464 | D:5      | Identified the +8 chain mail of the Chupacabra {Harm rPois
                  | rCorr}
  3701 | D:5      | Found a basalt altar of Yredelemnul.
  3876 | D:5      | Found a runed translucent door.
  3877 | D:5      | Noticed Crazy Yiuf
  4120 | D:5      | Killed Crazy Yiuf
  4192 | D:6      | Reached skill level 11 in Axes
  4371 | D:6      | Noticed Pikel
  4384 | D:6      | Killed Pikel
  4385 | D:6      | Reached skill level 12 in Axes
  4385 | D:6      | Reached XP level 9. HP: 82/82 MP: 9/9
  4489 | D:6      | Found a blossoming altar of Fedhas.
  4778 | D:7      | Reached skill level 13 in Axes
  4906 | D:7      | Became a worshipper of Beogh the Brigand
  4931 | D:7      | Reached skill level 1 in Invocations
  4973 | D:7      | Found a flagged portal.
  4982 | Bailey   | Entered a bailey
  5012 | Bailey   | Slain by an orc warrior

Illustrated notes

Levels and vault maps discovered:
D:1:      minmay_arrival_arboretum_large, layout_basic, serial_rivers,
          chequers_serial_rivers_micro_c, chequers_serial_rivers_small_b,
          chequers_serial_rivers_small_a, chequers_serial_rivers_marsh,
          chequers_serial_rivers_large_a, chequers_serial_rivers_micro_d
D:2:      layout_basic, minmay_increasing_density
D:3:      layout_loops_ring, mainiacjoe_overflow_alcove_4,
          hellmonk_ecumenical_altar_run_dry
D:4:      layout_loops_ring, lemuel_crystal_altar, nicolae_uskayaw_en_pointe,
          overflow_temple_1_default, general_overflow_altar,
          minmay_temple_entry_enclosed_plants, serial_shops,
          nicolae_shop_advertising_works [nicolae_subvault_shop_adworks],
          shop_statue, nicolae_shop_hallway_plus, nicolae_shop_trees,
          nicolae_diamond_shop, minmay_between
D:5:      kennysheep_slugbush, layout_loops_ring,
          nicolae_yredelemnul_corpse_copse, uniq_crazy_yiuf_cottage,
          uniq_blork_the_orc
D:6:      layout_basic, fedhas_altar_decomposition, item_on_display_a,
          uniq_pikel
D:7:      layout_basic, enter_bailey_2
Bailey:   bailey_polearm_elven_captive_hellmonk, bailey

Skill      XL: |  1  2  3  4  5  6  7  8  9 |
---------------+----------------------------+-----
Axes           | 3 4 5 7 8 10 12 13 | 13.9
Fighting       | 4 5 6 7 8 9 |  9.7
Invocations    | 1 |  1.7
Armour         | |  3.2
Shields        | |  3.2

Action                   |  1- 3 |  4- 6 |  7- 9 || total
-------------------------+-------+-------+-------++-------
Melee: War axe           |   126 |    92 |   171 ||   389
Invok: Convert to Beogh  |       |       |     1 ||     1
  Use: Potion            |       |     1 |     1 ||     2
       Scroll            |       |       |    11 ||    11
Armor: Scale mail        |    83 |    41 |    28 ||   152
       Chain mail        |       |       |    76 ||    76
Dodge: Dodged            |    75 |    42 |    74 ||   191
Block: Buckler           |    39 |    20 |    52 ||   111
